AoeStats
← CuongDaLat

Arena

506133926Analyzed
4v4 RM · 19d ago on Sep 12, 2026· 37m 58s· 8 players
Game mode
Random Map
Map size
Large (8 player)
Population
200
Speed
Normal
Resources
Standard
Victory
Conquest
Starting age
Dark Age
Ending age
Imperial Age
RankedLock teamsTeams togetherTeam positionsShared explorationLock speedFull tech treeHidden civsTurbo modeCheats
Victory
Defeat
🇦🇷 Hindustanis · Argentina
1402
+13
🇨🇴 Portuguese · Colombia
1376
+14
🇬🇧 Britons · United Kingdom
1358
+14
🇨🇳 Romans · China
1356
+15
🇻🇳 Turks · Vietnam
1365
-15
🇻🇳 Italians · Vietnam
1352
-16
🇻🇳 Franks · Vietnam
1310
-13
🇻🇳 Lithuanians · Vietnam
1283
-12
LuG_
10:30 Feudal Age
14:30 Castle Age
12:32 Double-Bit Axe
13:37 Horse Collar
15:39 Bow Saw
18:10 Loom
21:35 Wheelbarrow
22:36 Elite Skirmisher
23:39 Fortified Wall
23:12 Crossbowman
23:47 Gold Mining
24:05 Fletching
25:05 Ballistics
25:11 Masonry
25:09 Padded Archer Armor
25:43 Bodkin Arrow
28:50 Hand Cart
32:38 Imperial Age
33:55 Bracer
34:49 Gold Shaft Mining
34:52 Leather Archer Armor
34:46 Arbalester
Jarp_33
3:10 Loom
9:37 Feudal Age
10:06 Double-Bit Axe
10:02 Horse Collar
11:03 Wheelbarrow
16:16 Castle Age
14:53 Gold Mining
24:10 Heavy Plow
24:25 Bow Saw
24:28 Crossbowman
27:18 Fletching
29:57 Padded Archer Armor
31:03 Bodkin Arrow
32:22 Thumb Ring
33:28 Ballistics
35:46 Pikeman
39:40 Imperial Age
37:28 Gambesons
37:56 Forging
|MP| layc0ni
9:29 Feudal Age
13:34 Castle Age
12:23 Double-Bit Axe
12:19 Horse Collar
23:45 Wheelbarrow
22:55 Loom
23:44 Bow Saw
24:50 Gold Mining
25:36 Hand Cart
28:07 Imperial Age
26:29 Scale Barding Armor
26:35 Forging
27:50 Chain Barding Armor
28:00 Heavy Plow
28:38 Bloodlines
28:29 Husbandry
28:18 Heavy Camel Rider
30:38 Chemistry
30:39 Plate Barding Armor
31:47 Iron Casting
30:33 Light Cavalry
33:01 Fletching
36:38 Two-Man Saw
37:11 Blast Furnace
36:06 Bodkin Arrow
36:52 Coinage
37:04 Conscription
ABCDE
11:10 Feudal Age
14:42 Castle Age
12:32 Double-Bit Axe
12:46 Horse Collar
15:46 Wheelbarrow
15:53 Bow Saw
15:45 Heavy Plow
21:34 Stone Mining
22:02 Gold Mining
24:25 Gold Shaft Mining
28:25 Imperial Age
26:20 Forging
26:10 Scale Mail Armor
26:36 Squires
26:06 Man-at-Arms
27:06 Chain Mail Armor
26:51 Pikeman
27:35 Long Swordsman
28:29 Halberdier
29:56 Iron Casting
29:42 Loom
29:43 Town Watch
34:16 Blast Furnace
34:55 Legionary
36:12 Conscription
36:51 Comitatenses
38:53 Chemistry
CuongDaLat
12:18 Feudal Age
16:12 Castle Age
14:19 Double-Bit Axe
14:34 Horse Collar
23:21 Imperial Age
23:02 Padded Archer Armor
22:50 Town Watch
22:59 Gold Mining
27:14 Leather Archer Armor
ktstienthang
9:29 Loom
11:15 Feudal Age
16:35 Castle Age
14:50 Double-Bit Axe
18:12 Bow Saw
17:56 Gold Mining
19:56 Wheelbarrow
22:46 Hand Cart
27:02 Scale Barding Armor
27:28 Stone Mining
27:52 Husbandry
29:15 Gold Shaft Mining
30:01 Chain Barding Armor
30:25 Forging
33:38 Iron Casting
37:49 Imperial Age
36:21 Town Watch
mryendl2410
12:13 Feudal Age
12:58 Double-Bit Axe
13:16 Loom
15:53 Castle Age
13:42 Horse Collar
21:12 Imperial Age
20:38 Gold Mining
30:30 Fletching
31:57 Bodkin Arrow
32:30 Padded Archer Armor
34:00 Wheelbarrow
35:21 Ballistics
36:59 Bracer
piecardinap
12:39 Feudal Age
13:28 Double-Bit Axe
13:28 Horse Collar
16:18 Castle Age
15:44 Gold Mining
19:15 Wheelbarrow
20:40 Bow Saw
20:34 Heavy Plow
21:17 Loom
24:24 Scale Barding Armor
27:43 Imperial Age
26:26 Stone Mining
27:27 Chain Barding Armor
29:10 Cavalier
30:52 Plate Barding Armor
30:29 Bloodlines
30:21 Husbandry
31:40 Paladin
33:29 Two-Man Saw
34:22 Pikeman
35:04 Scale Mail Armor
35:14 Forging
35:01 Halberdier
37:32 Chain Mail Armor
37:19 Squires
37:05 Arson
37:56 Iron Casting
Connection lost

Rejoining the realm…

Still unreachable

The connection could not be restored.

Session expired

The server has moved on; the page needs a fresh start.